 Dungeon Crawl Stone Soup version 0.27-a0-906-g0a00ce8 (webtiles) character file.

Game seed: 13844587904077125148

1275 Nithhogg the Spawn of Chaos (level 8, 0/61 HPs)
             Began as a Demonspawn Fighter on Apr 7, 2021.
             Was an Initiate of Makhleb.
             Slain by an apocalypse crab (6 damage)
             ... on level 1 of the Abyss.
             The game lasted 00:10:26 (6189 turns).

Nithhogg the Spawn of Chaos (Demonspawn Fighter)    Turns: 6189, Time: 00:10:27

Health: 0/61       AC: 11    Str: 24      XL:     8   Next: 28%
Magic:  11/11      EV:  7    Int:  8 (11) God:    Makhleb [......]
Gold:   377        SH: 10    Dex: 13      Spells: 7/7 levels left

rFire    x . .     SeeInvis +   i - +4 short sword (distort)
rCold    + . .     Faith    .   c - +0 kite shield
rNeg     . . .     Spirit   .   o - +1 chain mail
rPois    .         Reflect  .   l - +1 hat
rElec    +         Harm     .   (no cloak)
rCorr    .         Rampage  .   (no gloves)
Will     .....                  (no boots)
Stlth    ..........             (no amulet)
HPRegen  0.00/turn              B - ring "Dehutyaf" {Ice rElec Dex+3 SInv}
MPRegen  0.12/turn              y - +6 ring of strength

@: non-regenerating, badly diseased, slowed, very slow
A: antennae 1, claws 2, demonic guardian 1, powered by death 1, clumsy 1, sense
surroundings 1, evolution 1, no potion heal 1
a: Renounce Religion


You were on level 1 of the Abyss.
You worshipped Makhleb.
Makhleb was noncommittal.
You visited 1 branch of the dungeon, and saw 5 of its levels.
You visited the Abyss 1 time.

You collected 377 gold pieces.

Inventory:

Hand Weapons
 a - a +1 long sword
 e - a +1 dagger of draining
 f - a +2 short sword of speed
 i - a +4 short sword of distortion (weapon)
Armour
 c - a +0 kite shield (worn)
 l - a +1 hat (worn)
 o - a +1 chain mail (worn)
Jewellery
 s - a ring of poison resistance
 y - a +6 ring of strength (right claw)
 B - the ring "Dehutyaf" (left claw) {Ice rElec Dex+3 SInv}
   (You found it on level 5 of the Dungeon)

   [ring of ice]

   It enhances your ice magic.
   It affects your dexterity (+3).
   It makes you vulnerable to fire.
   It protects you from cold.
   It insulates you from electricity.
   It lets you see invisible.
Wands
 b - a wand of paralysis (2)
 h - a wand of iceblast (5)
Scrolls
 d - a scroll of immolation
 m - 3 scrolls of identify
 n - a scroll of fog
Potions
 g - 2 potions of mutation
 j - 2 potions of brilliance
 p - 2 potions of magic {unknown}
 q - a potion of ambrosia {unknown}
 r - a potion of heal wounds
 t - a potion of haste
 x - a potion of lignification {unknown}
 z - a potion of resistance {unknown}
 A - a potion of berserk rage {unknown}


   Skills:
 + Level 4.9 Fighting
 + Level 4.0 Long Blades
 + Level 4.5 Armour
 + Level 3.4 Dodging
 + Level 4.5 Shields
 + Level 5.3 Invocations


You had 7 spell levels left.
You didn't know any spells.
Your spell library was empty.

Dungeon Overview and Level Annotations

Branches:
Dungeon (5/15)
 Temple: D:4-7

Altars:
Makhleb
Lugonu

Portals:
Abyss: D:5


Innate Abilities, Weirdness & Mutations

You have a pair of small antennae on your head.
You have very sharp fingernails.
A weak demonic guardian rushes to your aid.
You regenerate a little health from kills.
You are clumsy. (Dex -2)
You passively map a small area around you.
You evolve.
Potions are less effective at restoring your health.


Message History

You destroy the ancient zyme!
Makhleb accepts your kill.
The apocalypse crab bites your shadow imp.
The apocalypse crab shocks your shadow imp!
Your shadow imp dies!
You feel your intelligence returning.
Your Long Blades skill increases to level 4!
As you read the scroll of fog, it crumbles to dust.
The scroll dissolves into smoke.
The apocalypse crab breathes chaos at you.
The blast of chaos engulfs you but does no damage.
You hit the apocalypse crab.
Space bends around the apocalypse crab.
The apocalypse crab is lightly wounded.
The apocalypse crab bites you but does no damage.
The apocalypse crab claws you.
* * * LOW HITPOINT WARNING * * *
You feel yourself slow down.
You hit the apocalypse crab but do no damage.
Space bends around the apocalypse crab.
The apocalypse crab is lightly wounded.
The apocalypse crab bites you but does no damage.
The apocalypse crab claws you but does no damage.
You block the apocalypse crab's attack.
The apocalypse crab claws you but does no damage.
You hit the apocalypse crab.
Space bends around the apocalypse crab.
The apocalypse crab is moderately wounded.
The apocalypse crab bites you but does no damage.
The apocalypse crab claws you but does no damage.
You hit the apocalypse crab but do no damage.
The apocalypse crab is moderately wounded.
The apocalypse crab blinks!
You puncture the apocalypse crab!
The apocalypse crab is heavily wounded.
The apocalypse crab blinks!
You hit the apocalypse crab.
Space bends around the apocalypse crab.
The apocalypse crab is heavily wounded.
The apocalypse crab barely misses you. The apocalypse crab claws you.
* * * LOW HITPOINT WARNING * * *
A demonic guardian appears!
The apocalypse crab freezes you. You resist.
You die...

##.# #.
# ..
### # .
... .#
#
#.#.###
# ..##
.. #
##.
#.##§#
## ###5
# .#
##t## #
#§§@# #
#####


You could see an apocalypse crab (ally target) and a friendly shadow imp
(summoned).

Vanquished Creatures
  An ancient zyme (Abyss:1)
  A small abomination (Abyss:1)
  3 ogres (D:5)
  A black bear (D:5)
  A phantom (D:5)
  A kobold brigand (D:5)
  A scorpion (D:5)
  A water moccasin skeleton (D:5)
  A jelly (D:5)
  A bullfrog zombie (D:5)
  A gnoll shaman (D:4)
  2 hounds (D:5)
  A bullfrog skeleton (D:5)
  An iguana (D:4)
  3 gnolls (D:4)
  9 adders
  2 ufetubi
  2 worms
  2 dart slugs (D:1)
  5 orcs
  6 endoplasms
  7 giant cockroaches
  13 goblins
  5 hobgoblins
  4 jackals
  8 kobolds
  A quokka (D:2)
  6 ball pythons (D:1)
  2 bats
  4 frilled lizards
  A jackal skeleton (D:4)
  4 rats (D:1)
101 creatures vanquished.

Vanquished Creatures (collateral kills)
  An orc (D:2)
  An endoplasm (D:1)
  2 jackals (D:2)
  A kobold (D:5)
5 creatures vanquished.

Grand Total: 106 creatures vanquished

Notes
Turn   | Place    | Note
-------+----------+-------------------------------------------
     0 | D:1      | Nithhogg the Demonspawn Fighter began the quest for the
                  | Orb.
     0 | D:1      | Reached XP level 1. HP: 18/18 MP: 1/1
   149 | D:1      | Reached skill level 1 in Invocations
   149 | D:1      | Gained mutation: A weak demonic guardian rushes to your
                  | aid. [demonic ancestry]
   149 | D:1      | Reached XP level 2. HP: 24/24 MP: 2/2
   182 | D:1      | HP: 1/24 [goblin/+0 club (2)]
   955 | D:1      | Reached XP level 3. HP: 29/29 MP: 4/4
  1173 | D:1      | Reached skill level 1 in Dodging
  1582 | D:2      | Reached skill level 2 in Invocations
  1582 | D:2      | Gained mutation: You have a pair of small antennae on your
                  | head. [demonic ancestry]
  1582 | D:2      | Reached XP level 4. HP: 27/35 MP: 5/5
  2311 | D:3      | Found a faded altar of an unknown god.
  2695 | D:4      | Gained mutation: You regenerate a little health from kills.
                  | [demonic ancestry]
  2695 | D:4      | Reached XP level 5. HP: 40/41 MP: 6/6
  3244 | D:4      | Reached skill level 3 in Invocations
  3886 | D:5      | Entered Level 5 of the Dungeon
  4236 | D:5      | Reached XP level 6. HP: 48/48 MP: 8/8
  4322 | D:5      | Identified the ring "Dehutyaf" {Ice rElec Dex+3 SInv}
  4758 | D:5      | Found a one-way gate to the infinite horrors of the Abyss.
  4773 | D:5      | Gained mutation: You have sharp fingernails. [demonic
                  | ancestry]
  4773 | D:5      | Reached XP level 7. HP: 11/54 MP: 9/9
  5049 | D:5      | Found a burning altar of Makhleb.
  5054 | D:5      | Reached skill level 4 in Invocations
  5094 | D:5      | Became a worshipper of Makhleb the Destroyer
  5165 | D:5      | Found a large runed translucent door.
  5165 | D:5      | Found a large runed translucent door.
  5166 | D:5      | Found a corrupted altar of Lugonu.
  5201 | D:5      | Gained mutation: You passively map a small area around you.
                  | [potion of mutation]
  5201 | D:5      | Gained mutation: You are clumsy. (Dex -2) [potion of
                  | mutation]
  5201 | D:5      | Gained mutation: Your muscles are strong. (Str +2) [potion
                  | of mutation]
  5870 | D:5      | Cast into level 1 of the Abyss (kobold)
  5904 | Abyss:1  | Noticed a small abomination
  5996 | Abyss:1  | Reached skill level 5 in Invocations
  5996 | Abyss:1  | Gained mutation: You have very sharp fingernails. [demonic
                  | ancestry]
  5996 | Abyss:1  | Reached XP level 8. HP: 34/61 MP: 11/11
  6095 | Abyss:1  | Gained mutation: Potions are less effective at restoring
                  | your health. [a neqoxec]
  6097 | Abyss:1  | Lost mutation: Your muscles are strong. (Str +2) [a
                  | neqoxec]
  6115 | Abyss:1  | Gained mutation: You evolve. [a neqoxec]
  6137 | Abyss:1  | Noticed an ancient zyme
  6145 | Abyss:1  | Noticed a green very ugly thing
  6153 | Abyss:1  | Noticed an apocalypse crab
  6181 | Abyss:1  | Killed an ancient zyme
  6189 | Abyss:1  | Slain by an apocalypse crab

Illustrated notes

Levels and vault maps discovered:
D:1:      nzn_arrival_water_spiral, layout_loops_cross, minmay_pentomino_p2
D:2:      layout_rooms
D:3:      layout_rooms, chequers_ecumenical_altar_island
D:4:      layout_basic
D:5:      due_chaos_kobolds, layout_basic, old_standard_altar,
          minmay_misc_feat_rugged, minmay_fractal_squares_gapless_5
Abyss:1:  base: D:2, minivault_24

Skill      XL: |  1  2  3  4  5  6  7  8 |
---------------+-------------------------+-----
Invocations    | 1 2 3 5 |  5.3
Long Blades    | 2 3 4 |  4.0
Dodging        | 1 2 3 |  3.4
Shields        | 3 4 |  4.5
Armour         | 3 4 |  4.5
Fighting       | 4 |  4.9

Action                   |  1- 3 |  4- 6 |  7- 9 || total
-------------------------+-------+-------+-------++-------
Melee: Long sword        |    42 |     8 |       ||    50
       Dagger            |   108 |   229 |       ||   337
       Short sword       |       |       |    99 ||    99
  Use: Potion            |       |     1 |     6 ||     7
       Scroll            |       |     7 |     3 ||    10
Armor: Scale mail        |    64 |    34 |       ||    98
       Chain mail        |       |    92 |    38 ||   130
Dodge: Dodged            |    44 |    53 |    21 ||   118
Block: Kite shield       |    73 |   125 |    57 ||   255
       Rpst.: Long sword |       |     2 |       ||     2

Table legend: (Time is in decaauts)
 A = Elapsed time spent in this place.
 B = Non-inter-level travel time spent in this place.
 C = Inter-level travel time spent in this place.
 D = Time resting spent in this place.
 E = Time spent auto-exploring this place.
 F = Levels seen in this place.
 G = Mean time per level.
                   A        B        C        D        E       F      G
               +--------+--------+--------+--------+--------+-----+--------+
         Total |   6280 |   6198 |     82 |    467 |   4554 |   6 | 1046.7 |
       Dungeon |   5952 |   5870 |     82 |    339 |   4554 |   5 | 1190.4 |
         Abyss |    328 |    328 |      0 |    128 |      0 |   1 |  328.0 |
               +--------+--------+--------+--------+--------+-----+--------+

Top non-repeatable levels by time:
     D:5: 1829 daAuts
     D:4: 1374 daAuts
     D:1: 1290 daAuts
     D:2: 735 daAuts
     D:3: 721 daAuts
 Abyss:1: 328 daAuts
